 Dungeon Crawl Stone Soup version 0.19.1 (webtiles) character file.

232 dajomu the Slasher (level 5, -1/36 HPs)
             Began as a High Elf Fighter on Dec 12, 2016.
             Was a Follower of Fedhas.
             Slain by Crazy Yiuf
             ... wielding a +3 quarterstaff of chaos
              (2 damage)
             ... on level 4 of the Dungeon.
             The game lasted 00:28:37 (3316 turns).

dajomu the Slasher (High Elf Fighter)               Turns: 3316, Time: 00:28:38

Health: -1/36      AC: 10    Str: 19 (21) XL:     5   Next: 73%
Magic:  6/6        EV:  8    Int:  9 (12) God:    Fedhas [*.....]
Gold:   111        SH:  9    Dex: 12 (14) Spells: 0 memorised, 4 levels left

rFire  . . .     SeeInvis .     a - +0 long sword
rCold  . . .     Gourm    .     b - +1 scale mail
rNeg   . . .     Faith    .     c - +0 shield
rPois  .         Spirit   .     k - +0 helmet
rElec  .         Reflect  .     (no cloak)
rCorr  .         Harm     .     (no gloves)
MR     .....                    g - +0 pair of boots
Stlth  ..........               (no amulet)
                                (no ring)
                                (no ring)

@: mighty, lethally poisoned (-1 -> -6), very slightly contaminated, invisible
A: no striking features
a: Fungal Bloom, Evolution, Renounce Religion


You were on level 4 of the Dungeon.
You worshipped Fedhas.
Fedhas was aware of your devotion.
You were not hungry.

You visited 1 branch of the dungeon, and saw 4 of its levels.

You collected 111 gold pieces.

Inventory:

Hand Weapons
 a - a +0 long sword (weapon)
 m - a +1 falchion of holy wrath
Missiles
 h - 22 poisoned needles (quivered)
Armour
 b - a +1 scale mail (worn)
 c - a +0 shield (worn)
 g - a +0 pair of boots (worn)
 k - a +0 helmet (worn)
 n - a +0 ring mail
Scrolls
 j - a scroll of random uselessness {unknown}
 l - 2 scrolls of identify
Potions
 d - 3 potions of might
 e - a potion of brilliance {unknown}
 f - a potion of ambrosia {unknown}
Comestibles
 i - a slice of pizza
 o - 2 bread rations
 p - 2 fruits


   Skills:
 + Level 3.6 Fighting
 + Level 4.4 Long Blades
 + Level 3.4 Armour
 + Level 1.8 Dodging
 + Level 0.2 Stealth
 + Level 3.8 Shields


You had 4 spell levels left.
You didn't know any spells.

Dungeon Overview and Level Annotations

Branches:
Dungeon (4/15)
 Temple: D:4-7

Altars:
Fedhas
Kikubaaqudgha
Sif Muna

Annotations:
D:4 Crazy Yiuf


Message History

You feel sick. Crazy Yiuf hits you but does no damage.
You are electrocuted!
Crazy Yiuf closely misses you.
You barely miss Crazy Yiuf.
Crazy Yiuf is almost dead.
You feel sick.
Crazy Yiuf hits you with a quarterstaff of chaos.
* * * LOW HITPOINT WARNING * * *
You fade into invisibility!
You are very lightly contaminated with residual magic.
You barely miss Crazy Yiuf.
Crazy Yiuf is almost dead.
Crazy Yiuf hits you with a quarterstaff of chaos.
* * * LOW HITPOINT WARNING * * *
Crazy Yiuf draws strength from your wounds!
You feel very mighty all of a sudden.
* * * LOW HITPOINT WARNING * * *
You feel sick.
Crazy Yiuf hits you with a quarterstaff of chaos.
You die...
Fedhas appreciates your contribution to the ecosystem.

#.........
#.........
#.........
####...... #......
♣♣♣♣♣######..
#####♣♣♣.♣.Pf.## #..
#...#♣..♣.PPf..###..
#.g@'.♣♣♣♣.Pf.......
#)..#♣♣ ♣♣P........
##### ♣♣##......
#.....# #.^.).#
#.....# .......#
#.......# ####.###♣


You could see Crazy Yiuf.

Vanquished Creatures
  A vampire bat (D:2)
  Jessica (D:3)
  2 gnolls (D:1)
  3 adders
  2 oozes
  4 dart slugs
  3 leopard geckos
  An orc (D:3)
  2 bat skeletons (D:2)
  4 bat zombies (D:2)
  6 giant cockroaches
  9 goblins
  9 hobgoblins
  2 jackals (D:1)
  8 kobolds
  A quokka (D:3)
  A ball python (D:3)
  7 bats
  A frilled lizard (D:2)
  5 rats
72 creatures vanquished.

Vanquished Creatures (collateral kills)
  A vampire bat (D:2)
  An adder (D:2)
2 creatures vanquished.

Vanquished Creatures (others)
  15 toadstools
15 creatures vanquished.

Grand Total: 89 creatures vanquished

Notes
Turn   | Place    | Note
-------+----------+-------------------------------------------
     0 | D:1      | dajomu the High Elf Fighter began the quest for the Orb.
     0 | D:1      | Reached XP level 1. HP: 16/16 MP: 2/2
   137 | D:1      | Reached XP level 2. HP: 12/21 MP: 3/3
   445 | D:1      | Reached skill level 3 in Long Blades
   445 | D:1      | Reached XP level 3. HP: 16/26 MP: 4/4
   557 | D:1      | Reached skill level 1 in Dodging
  1215 | D:2      | Found a faded altar of an unknown god.
  1227 | D:2      | Became a worshipper of Fedhas Madash
  1227 | D:2      | Reached * piety under Fedhas
  1419 | D:2      | Reached XP level 4. HP: 31/31 MP: 5/5
  1895 | D:2      | Found an ancient bone altar of Kikubaaqudgha.
  1921 | D:2      | Reached skill level 4 in Long Blades
  1921 | D:2      | Reached XP level 5. HP: 31/36 MP: 6/6
  2213 | D:3      | Noticed Jessica
  2261 | D:3      | Found a deep blue altar of Sif Muna.
  2273 | D:3      | Killed Jessica
  3297 | D:4      | Found a runed door.
  3303 | D:4      | Noticed Crazy Yiuf
  3316 | D:4      | HP: 1/36 [poisoned by Crazy Yiuf]
  3316 | D:4      | Slain by Crazy Yiuf

Skill      XL: |  1  2  3  4 |
---------------+-------------+-----
Shields        | 3 |  3.8
Long Blades    | 3 4 |  4.4
Dodging        | 1 |  1.8
Armour         | 3 |  3.4
Fighting       | |  3.6
Stealth        | |  0.2

Action                   |  1- 3 |  4- 6 || total
-------------------------+-------+-------++-------
Melee: Long sword        |   116 |   135 ||   251
Invok: Fungal Bloom      |     2 |    14 ||    16
       Evolution         |       |     7 ||     7
  Use: Scroll            |     1 |     4 ||     5
       Potion            |       |     5 ||     5
  Eat: Bread ration      |     1 |       ||     1
       Beef jerky        |       |     2 ||     2
       Fruit             |       |     1 ||     1
Armor: Scale mail        |    67 |   115 ||   182
Dodge: Dodged            |    44 |    63 ||   107
Block: Shield            |    69 |    88 ||   157
       Rpst.: Long sword |     9 |    26 ||    35
